 Dungeon Crawl Stone Soup version 0.30-a0-989-g0d87f670db (webtiles) character file.

Game seed: 13494094786110178618

14 DeathPants the Shield-Bearer (level 2, -1/16 HPs)
             Began as a Vine Stalker Fighter on Apr 3, 2023.
             Slain by a gnoll
             ... wielding a +3 spear
              (6 damage)
             ... on level 2 of the Dungeon.
             The game lasted 00:01:57 (723 turns).

DeathPants the Shield-Bearer (Vine Stalker Fighter)  Turns: 723, Time: 00:01:57

Health: -1/16      AC:  6    Str: 18    XL:     2   Next: 45%
Magic:  0/3        EV:  9    Int:  8    God:
Gold:   95         SH:  4    Dex: 13    Spells: 1/1 levels left

rFire   . . .      SeeInvis .    a - +0 war axe
rCold   . . .      Faith    .    c - +0 buckler
rNeg    . . .      Spirit   +    b - +0 scale mail
rPois   .          Reflect  .    (no helmet)
rElec   .          Rampage  .    (no cloak)
rCorr   .                        (no gloves)
Will    .....                    (no boots) Stlth
                                 (no amulet)
HPRegen 0.22/turn                (no ring)
MPRegen 0.08/turn                (no ring)

@: no status effects
A: fangs 2, magic shield, antimagic bite, no potion heal 2
a: no special abilities


You were on level 2 of the Dungeon.
You visited 1 branch of the dungeon, and saw 2 of its levels.

You collected 95 gold pieces.

Inventory:

Hand Weapons
 a - a +0 war axe (weapon)
Armour
 b - a +0 scale mail (worn)
 c - a +0 buckler (worn)
Potions
 d - a potion of might
 e - a potion of heal wounds {unknown}
 f - a potion of haste {unknown}
 g - a potion of brilliance {unknown}


   Skills:
 + Level 2.8 Fighting
 * Level 2.2 Axes
 + Level 2.5 Armour
 + Level 2.8 Shields


You had one spell level left.
You didn't know any spells.
Your spell library was empty.

Dungeon Overview and Level Annotations

Branches:
Dungeon (2/15)

Altars:
Xom


Innate Abilities, Weirdness & Mutations

You have extremely sharp teeth.
When hurt, damage is shared between your health and your magic reserves.
Your bite disrupts and absorbs the magic of your enemies.
Potions cannot restore your health.


Message History

You slash the goblin!
You kill the goblin!
You see here a +0 club.
Done exploring.
There is a stone staircase leading down here.
You climb downwards.
There is a stone staircase leading up here.
A hobgoblin is nearby!
Found 10 gold pieces and a bubbling blue potion.
The hobgoblin shouts!
You see here 7 gold pieces.
Found a rapier.
You hit the hobgoblin but do no damage. Your bite misses the hobgoblin.
The hobgoblin hits you.
You hit the hobgoblin.
You bite the hobgoblin, but do no damage.
The hobgoblin is almost dead.
The hobgoblin hits you but does no damage.
You block the hobgoblin's attack.
You barely miss the hobgoblin. Your bite misses the hobgoblin.
The hobgoblin is almost dead.
The hobgoblin hits you but does no damage.
You closely miss the hobgoblin. You bite the hobgoblin.
You kill the hobgoblin!
Magic restored.
HP restored.
You now have 85 gold pieces (gained 7).
You now have 95 gold pieces (gained 10).
g - a bubbling blue potion The gnoll shouts!
You hear a shout!
There is a stone staircase leading up here.
The gnoll shouts!
The gnoll hits you from afar with a +3 spear!
Ouch! That really hurt!
The gnoll hits you with a +3 spear.
* * * LOW HITPOINT WARNING * * *
You block the gnoll's attack.
There is a stone staircase leading up here.
The gnoll hits you from afar with a +3 spear.
You die...

#... #..# ####..#
.....# ## .####...#
.. ........#######
.# #..........#..#
####..#..........#
..........g.@...#
####.....g###.###
#.......# .#
#.......# .#
#.......# .#
#.......# .#
####.###g#...#.# .#
?.....##.##.#.#)#.#
...#.###.##..###..


You could see 2 gnolls.

Vanquished Creatures
  4 goblins
  3 hobgoblins
  2 jackals (D:1)
  A bat (D:1)
  2 frilled lizards (D:1)
12 creatures vanquished.

Notes
Turn   | Place    | Note
-------+----------+-------------------------------------------
     0 | D:1      | DeathPants the Vine Stalker Fighter began the quest for the
                  | Orb.
     0 | D:1      | Reached XP level 1. HP: 11/11 MP: 2/2
   361 | D:1      | Reached XP level 2. HP: 9/16 MP: 3/3
   433 | D:2      | Found a shimmering altar of Xom.
   723 | D:2      | Slain by a gnoll

Illustrated notes

Levels and vault maps discovered:
D:1:      scummos_arrival_forest, layout_loops_ring
D:2:      layout_loops_ring, basic_altar, supply_closet_lemuel

Skill      XL: |  1 |
---------------+----+-----
Axes           | 2 |  2.2
Fighting       | |  2.8
Armour         | |  2.5
Shields        | |  2.8

Action                     || total
---------------------------++-------
  Melee: War axe           ||    35
         Bite              ||     6
 Armour: Scale mail        ||    19
  Dodge: Dodged            ||    16
  Block: Buckler           ||    12

Table legend: (Time is in decaauts)
 A = Elapsed time spent in this place.
 B = Non-inter-level travel time spent in this place.
 C = Inter-level travel time spent in this place.
 D = Time resting spent in this place.
 E = Time spent auto-exploring this place.
 F = Levels seen in this place.
 G = Mean time per level.
                   A        B        C        D        E       F      G
               +--------+--------+--------+--------+--------+-----+--------+
         Total |    739 |    705 |     34 |      0 |    558 |   2 |  369.5 |
       Dungeon |    739 |    705 |     34 |      0 |    558 |   2 |  369.5 |
               +--------+--------+--------+--------+--------+-----+--------+

Top non-repeatable levels by time:
     D:1: 670 daAuts
     D:2: 68 daAuts
